 Dungeon Crawl Stone Soup version 0.29-a0-451-gfbfa42419e (webtiles) character file.

Game seed: 16450618982178805739

550 happo123 the Ducker (level 7, -1/40 HPs)
             Began as a Djinni Conjurer on May 20, 2022.
             Was a Follower of Hepliaklqana.
             Slain by Pikel
             ... wielding a +2 whip of freezing
              (3 damage)
             ... on level 5 of the Dungeon.
             The game lasted 00:26:40 (5126 turns).

happo123 the Ducker (Djinni Conjurer)               Turns: 5126, Time: 00:26:41

Health: -1/40      AC:  4    Str:  6    XL:     7   Next: 54%
Gold:   149        EV: 13    Int: 22    God:    Hepliaklqana [*.....] SH:  0 Dex: 11

rFire   + + +      SeeInvis .   (no weapon)
rCold   x x .      Faith    .   (no shield)
rNeg    . . .      Spirit   .   a - +0 robe
rPois   ∞          Reflect  .   q - +0 helmet
rElec   .          Harm     .   (no cloak)
rCorr   .          Rampage  .   r - +0 pair of gloves
Will    .....                   (boots unavailable)
Stlth   ++........              (no amulet)
HPRegen 0.13/turn               n - ring of fire
MPRegen 0.00/turn               t - ring of wizardry

@: flying
A: reduced essence, sickness immunity, fire resistance 2, cold vulnerability 1,
float, innate caster, HP casting, extra vitality 1
a: Renounce Religion, Recall Ancestor, Ancestor Identity


You were on level 5 of the Dungeon.
You worshipped Hepliaklqana.
Hepliaklqana was aware of your devotion.
You visited 1 branch of the dungeon, and saw 5 of its levels.

You collected 169 gold pieces.
You spent 20 gold pieces at shops.

Inventory:

Armour
 a - a +0 robe (worn)
 q - a +0 helmet (worn)
 r - a +0 pair of gloves (worn)
Magical Staves
 v - a staff of poison
Jewellery
 n - a ring of fire (left hand)
 t - a ring of wizardry (right hand)
Wands
 l - a wand of acid (13)
Scrolls
 b - a scroll of noise {unknown}
 d - a scroll of fear {unknown}
 e - a scroll of silence {unknown}
 h - a scroll of magic mapping {unknown}
 i - 3 scrolls of teleportation {unknown}
 k - 2 scrolls of identify
 o - a scroll of blinking {unknown}
 w - a scroll of vulnerability {unknown}
Potions
 c - 5 potions of heal wounds {unknown}
 f - 2 potions of haste {unknown}
 g - a potion of mutation {unknown}
 j - a potion of brilliance {unknown}
 m - 2 potions of might {unknown}
 p - 2 potions of lignification {unknown}
 s - a potion of invisibility {unknown}
 u - 2 potions of curing {unknown}


   Skills:
 + Level 5.1 Dodging
 + Level 4.2 Stealth
 + Level 4.6 Spellcasting


You couldn't memorise any spells.
You knew the following spells:

 Your Spells              Type           Power      Damage    Failure   Level
a - Magic Dart            Conj           100%       1d8       1%          1
b - Searing Ray           Conj           50%        2d6       1%          2
c - Dazzling Flash        Conj/Hex       50%        N/A       1%          3
d - Fulminant Prism       Conj/Hex       12%        3d9       6%          4
e - Iskenderun's Mystic   Conj/Tloc      25%        2d7       6%          4
f - Necrotize             Necr           100%       1d9       1%          1
g - Scorch                Fire           76%        2d8       1%          2
h - Wereblood             Tmut           25%        N/A       1%          2
Your spell library was empty.

Dungeon Overview and Level Annotations

Branches:
Dungeon (4/15)
 Temple: D:4-7

Altars:
Ashenzari
Fedhas
Gozag
Hepliaklqana
Qazlal
Xom
Yredelemnul
Zin

Shops:
D:2 [![(*

Annotations:
D:5 Pikel


Innate Abilities, Weirdness & Mutations

Your life essence is reduced to manifest your ancestor. (-10% HP)
You are immune to sickness and miasma.
You are immune to poison.
Your flesh is very heat resistant. (rF++)
You are vulnerable to cold. (rC-)
You float through the air rather than walking.
You learn spells naturally, not from books.
Your magical power is your life essence.
You have superior vitality. (+4 MHP)


Message History

Casting: Necrotize (safe; 1% risk of failure)
Confirm with . or Enter, or press ? or * to list all spells.
Aiming: Necrotize (safe; 1% risk of failure)
Press: ? - help, Shift-Dir - straight line, f/p - Pikel
Aim: Pikel, wielding a +2 whip of freezing and wearing a +2 robe of resistance (moderately wounded, chance to affect: 83%) Pikel writhes in agony.
Pikel hits you with a +2 whip of freezing.
Pikel freezes you.
The lemure hits Numeria. x2
Numeria barely misses the lemure.
Casting: Necrotize (safe; 1% risk of failure)
Confirm with . or Enter, or press ? or * to list all spells.
Casting: Dazzling Flash (safe; 1% risk of failure)
Press: ? - help, Dir - look around, f - activate Numeria avoids your attack.
Pikel is dazzled.
The lemure is dazzled. x3
Numeria hits the lemure.
Pikel hits you with a +2 whip of freezing.
* * * LOW HITPOINT WARNING * * *
Pikel freezes you.
* * * LOW HITPOINT WARNING * * *
The lemure misses Numeria.
The lemure hits Numeria!
Casting: Dazzling Flash (safe; 1% risk of failure)
Confirm with . or Enter, or press ? or * to list all spells.
Aiming: Necrotize (safe; 1% risk of failure)
Press: ? - help, Shift-Dir - straight line, f - Pikel
Aim: Pikel, wielding a +2 whip of freezing and wearing a +2 robe of resistance (moderately wounded, blind, chance to affect: 83%) Pikel barely resists.
* * * LOW HITPOINT WARNING * * *
Pikel barely misses you.
The lemure hits Numeria.
Numeria is destroyed!
Casting: Necrotize (safe; 1% risk of failure)
Confirm with . or Enter, or press ? or * to list all spells.
Aiming: Necrotize (safe; 1% risk of failure)
Press: ? - help, Shift-Dir - straight line, f/p - Pikel
Aim: Pikel, wielding a +2 whip of freezing and wearing a +2 robe of resistance (moderately wounded, blind, chance to affect: 83%) Pikel writhes in agony!
* * * LOW HITPOINT WARNING * * *
Pikel hits you with a +2 whip of freezing.
* * * LOW HITPOINT WARNING * * *
Pikel freezes you.
You die...

#$### ...!.
).....
......
.>....# #
......l###
.#
..."5.55.#.#
#K...#
#@#### #.#
#.# #+#


You could see Pikel (blind), 2 lemures and an iguana.

Vanquished Creatures
  A wyvern (D:4)
  An ogre (D:4)
  A scorpion (D:4)
  A jelly (D:4)
  An orc priest (D:3)
  Terence (D:3)
  2 orc wizards (D:3)
  7 adders
  2 dart slugs
  7 orcs
  4 endoplasms
  2 giant cockroaches
  4 goblins
  7 hobgoblins
  A quokka (D:4)
  6 ball pythons
  6 bats
  2 frilled lizards
  3 kobolds
  4 rats
63 creatures vanquished.

Vanquished Creatures (collateral kills)
  A rat (D:3)
1 creature vanquished.

Vanquished Creatures (others)
  An angel (D:3)
  An ancestor (D:5)
  3 fulminant prisms
  2 plants (D:1)
7 creatures vanquished.

Grand Total: 71 creatures vanquished

Notes
Turn   | Place    | Note
-------+----------+-------------------------------------------
     0 | D:1      | happo123 the Djinni Conjurer began the quest for the Orb.
     0 | D:1      | Reached XP level 1. HP: 15/15 MP: 0/0
   498 | D:1      | Reached XP level 2. HP: 19/21 MP: 0/0
  1704 | D:2      | Found Ecannoec's General Store.
  1720 | D:2      | Reached XP level 3. HP: 13/25 MP: 0/0
  1720 | D:2      | Learned a level 1 spell: Necrotize
  1724 | D:2      | Bought a scroll of identify for 20 gold pieces
  2113 | D:2      | Found Aschocsa's Distillery.
  2117 | D:2      | Reached skill level 3 in Dodging
  2236 | D:2      | Found Sec Leot's Armour Emporium.
  2356 | D:2      | Found Binys's Weapon Emporium.
  2404 | D:2      | Found Ixuotao's Antique Armour Shop.
  2587 | D:3      | Reached XP level 4. HP: 28/31 MP: 0/0
  2636 | D:3      | Noticed an angel
  2659 | D:3      | Found a shimmering altar of Xom.
  2660 | D:3      | Found a glowing silver altar of Zin.
  2752 | D:3      | Killed an angel
  2868 | D:3      | Reached XP level 5. HP: 2/35 MP: 0/0
  2868 | D:3      | Learned a level 2 spell: Scorch
  3351 | D:3      | Found a stormy altar of Qazlal.
  3356 | D:3      | Found a blossoming altar of Fedhas.
  3462 | D:3      | Found a hazy altar of Hepliaklqana.
  3558 | D:3      | Noticed Terence
  3566 | D:3      | Killed Terence
  3820 | D:3      | Became a worshipper of Hepliaklqana the Forgotten
  3891 | D:4      | Reached skill level 4 in Dodging
  3891 | D:4      | Reached XP level 6. HP: 26/40 MP: 0/0
  4401 | D:4      | Found an opulent altar of Gozag.
  4494 | D:4      | Found a runed translucent door.
  4494 | D:4      | Noticed a human
  4495 | D:4      | Found a basalt altar of Yredelemnul.
  4710 | D:4      | Noticed an ogre
  4717 | D:4      | Killed an ogre
  4718 | D:4      | Reached XP level 7. HP: 36/45 MP: 0/0
  4718 | D:4      | Learned a level 2 spell: Wereblood
  4785 | D:4      | Reached * piety under Hepliaklqana
  4993 | D:4      | Found a broken altar of Ashenzari.
  4995 | D:4      | Noticed a wyvern
  5001 | D:4      | Killed a wyvern
  5002 | D:4      | Reached skill level 5 in Dodging
  5096 | D:4      | You are sucked into a shaft and drop 1 floor!
  5096 | D:5      | Entered Level 5 of the Dungeon
  5112 | D:5      | Noticed Pikel
  5126 | D:5      | HP: 2/40 [Pikel/+2 whip of freezing (6)]
  5126 | D:5      | Slain by Pikel

Illustrated notes

Levels and vault maps discovered:
D:1:      dpeg_arrival_houses_and_road, layout_loops_ring, serial_forest,
          infiniplex_forest_clump_tiny, infiniplex_forest_lined_3,
          infiniplex_forest_clump_medium, infiniplex_forest_clump_long,
          infiniplex_forest_lined_room_3, infiniplex_forest_fountain,
          infiniplex_forest_end_3, corexii_leaking_fountain
D:2:      layout_rooms, serial_shops, shop, nicolae_shop_trees,
          nicolae_shop_hallway_plus, nicolae_shop_crystal, nicolae_shop_trees,
          due_unseen_surprise
D:3:      layout_loops_cross, grunt_temple_overflow_order_and_chaos_1,
          grunt_temple_overflow_forces_of_nature,
          mainiacjoe_overflow_surrounded_room, uniq_terence
D:4:      layout_basic, dk_yredelemnul_ordeal, grunt_gozag_breadcrumbs,
          evilmike_ruin_ashenzari
D:5:      lemuel_insect_pit, layout_rooms, minmay_hedge_maze,
          uniq_crazy_yiuf_cottage, uniq_pikel, uniq_menkaure

Skill      XL: |  1  2  3  4  5  6  7 |
---------------+----------------------+-----
Stealth        | 2 3 4 |  4.2
Dodging        | 3 4 5 |  5.1
Spellcasting   | 4 |  4.6

Action                   |  1- 3 |  4- 6 |  7- 9 || total
-------------------------+-------+-------+-------++-------
Melee: Unarmed           |     2 |       |       ||     2
 Cast: Magic Dart        |    67 |    49 |     5 ||   121
       Searing Ray       |     1 |       |     2 ||     3
       Dazzling Flash    |     1 |       |     1 ||     2
       Necrotize         |       |    17 |     7 ||    24
       Iskenderun's Myst |       |     1 |       ||     1
       Scorch            |       |    13 |     5 ||    18
       Fulminant Prism   |       |     2 |     1 ||     3
Invok: Recall Ancestor   |       |       |     1 ||     1
       Ancestor Identity |       |       |     1 ||     1
Armor: Robe              |       |     1 |     1 ||     2
Dodge: Dodged            |     8 |     5 |     3 ||    16

Table legend: (Time is in decaauts)
 A = Elapsed time spent in this place.
 B = Non-inter-level travel time spent in this place.
 C = Inter-level travel time spent in this place.
 D = Time resting spent in this place.
 E = Time spent auto-exploring this place.
 F = Levels seen in this place.
 G = Mean time per level.
                   A        B        C        D        E       F      G
               +--------+--------+--------+--------+--------+-----+--------+
         Total |   5124 |   4335 |    789 |    433 |   3466 |   5 | 1024.8 |
       Dungeon |   5124 |   4335 |    789 |    433 |   3466 |   5 | 1024.8 |
               +--------+--------+--------+--------+--------+-----+--------+

Top non-repeatable levels by time:
     D:1: 1704 daAuts
     D:3: 1295 daAuts
     D:4: 1215 daAuts
     D:2: 879 daAuts
     D:5: 29 daAuts
